[Event "Early-Titled-Tuesday-Blitz-April-23-2024"]
[Site "Chess.com"]
[Date "2024.04.23"]
[Round "2"]
[White "giovannibrandao7"]
[Black "Attacker_2006"]
[Result "0-1"]
[WhiteElo "2301"]
[BlackElo "2538"]
[TimeControl "180+1"]
[EndTime "8:16:09 PDT"]
[Termination "Attacker_2006 won by resignation"]

1. e4 Nf6 2. e5 Nd5 3. d4 Nb6 4.
Nf3 d6 5. exd6 cxd6 6. c4 g6 7. Nc3 Bg7 8. Be2 O-O 9. O-O Nc6 10.
Be3 Bg4 11. d5 Bxf3 12. Bxf3 Ne5 13. c5 Nbc4 14. cxd6 exd6 15. Be2 Nxe3 16. fxe3 Qb6 17. Kh1 Qxe3 18. Qc1 Qb6 19. Ne4 f5 20. Ng5 Bh6 21. h4 Qd4 22. Rf4 Qxd5 23. Qd1 Qxd1+ 24. Rxd1 Bxg5 25.
hxg5 Rad8 26. Rfd4 Nf7 27. Bc4 Kg7 28. Bxf7 Rxf7 29.
Rxd6 Rxd6 30. Rxd6 Rc7 31. Kh2 h6 32. gxh6+ Kxh6 33.
b3 Kg5 34. Re6 Rc2 35. Re7 Rxa2 36. Rxb7 a5 37. Kh3 Ra3 38. g3 Kh5 39. b4 f4 40.
Rb5+ g5 41. bxa5 Rxg3+ 42. Kh2 Ra3 43. Kg2 Kg4 44. Rd5 Ra2+ 45. Kf1 Kf3 46. Ke1 g4 0-1

[Event "Early-Titled-Tuesday-Blitz-April-23-2024"]
[Site "Chess.com"]
[Date "2024.04.23"]
[Round "2"]
[White "shirovin"]
[Black "Der_Balak_3Halak"]
[Result "1-0"]
[WhiteElo "2064"]
[BlackElo "2450"]
[TimeControl "180+1"]
[EndTime "8:16:09 PDT"]
[Termination "shirovin won on time"]

1. e4 b6 2. d4 Bb7 3. Bd3 d6 4.
Nf3 Nd7 5. O-O e5 6. Nc3 Ngf6 7. Bg5 Be7 8. Re1 O-O 9. dxe5 Nxe5 10. Nxe5 dxe5 11.
Qe2 Nd7 12. Bxe7 Qxe7 13. Rad1 Rad8 14. Bc4 Nf6 15. Nd5 Bxd5 16. exd5 Qc5 17. Bb3 Rfe8 18. c4 e4 19. Qe3 Nd7 20. Rd4 f5 21. Red1 Ne5 22.
R4d2 Qxe3 23. fxe3 Ng4 24. Re2 g5 25. Bc2 Kg7 26. b4 1-0

[Event "Early-Titled-Tuesday-Blitz-April-23-2024"]
[Site "Chess.com"]
[Date "2024.04.23"]
[Round "2"]
[White "balack95"]
[Black "aa175"]
[Result "0-1"]
[WhiteElo "2456"]
[BlackElo "2761"]
[TimeControl "180+1"]
[EndTime "8:16:10 PDT"]
[Termination "aa175 won by resignation"]

1. d4 Nf6 2. c4 g6 3. Nc3 d5 4. cxd5 Nxd5 5. Bd2 c5 6. Rc1 Nxc3 7. Bxc3 Bh6 8. e3 cxd4 9. Qxd4 Qxd4 10. Bxd4 O-O 11. Bc4 Nc6 12. Bc3 Bd7 13. Nf3 Rac8 14. O-O Rfd8 15.
Rfd1 a6 16. a3 b5 17. Bd5 e6 18. Ba2 Be8 19. Bf6 Rxd1+ 20. Rxd1 Bg7 21. Bxg7 Kxg7 22. Rc1 Rd8 23. Kf1 b4 24. Bc4 Na5 25. Bxa6 Nb3 26.
Re1 Ra8 27. Bc4 bxa3 28. Bxb3 Bb5+ 29. Kg1 axb2 30. Bc2 Rc8 31. Bb1 Rc1 32. h4 Be2 33. Kh2 Bxf3 34. Rg1 Bd1 35. Bd3 b1=Q 36. Bxb1 Rxb1 37.
Kg3 Bc2 0-1

[Event "Early-Titled-Tuesday-Blitz-April-23-2024"]
[Site "Chess.com"]
[Date "2024.04.23"]
[Round "2"]
[White "kecalk"]
[Black "mertfelin"]
[Result "1-0"]
[WhiteElo "2523"]
[BlackElo "2258"]
[TimeControl "180+1"]
[EndTime "8:16:10 PDT"]
[Termination "kecalk won by resignation"]

1. e4 e5 2. f4 d5 3. exd5 exf4 4. Nf3 Nf6 5. Bc4 Nxd5 6. Bxd5 Qxd5 7. O-O Be7 8. Nc3 Qd6 9. d4 O-O 10. Ne5 Nc6 11.
Nxc6 Qxc6 12. Bxf4 Bf6 13. Kh1 b6 14. d5 Qd7 15.
Ne4 Bxb2 16. Rb1 Ba3 17. Rb3 Be7 18. Rg3 Kh8 19. Qh5 Qf5 20. Ng5 Bd6 21. Rgf3 Bxf4 22. Rxf4 Qg6 23. Nxf7+ Rxf7 24. Rxf7 1-0

[Event "Early-Titled-Tuesday-Blitz-April-23-2024"]
[Site "Chess.com"]
[Date "2024.04.23"]
[Round "2"]
[White "rdarruda"]
[Black "erugee"]
[Result "1-0"]
[WhiteElo "2543"]
[BlackElo "2305"]
[TimeControl "180+1"]
[EndTime "8:16:14 PDT"]
[Termination "rdarruda won on time"]

1. Nf3 d5 2. b3 e6 3. Bb2 Nf6 4. e3 Be7 5. Be2 O-O 6. O-O b6 7. c4 Bb7 8. d4 Nbd7 9. Nc3 Ne4 10. Qc2 Nxc3 11. Bxc3 h6 12. Bd3 Rc8 13. e4 c5 14.
exd5 exd5 15. dxc5 Nxc5 16. Bf5 dxc4 17. Bxc8 cxb3 18. axb3 Qxc8 19. Nd4 a5 20. Qf5 Qa8 21. Qg4 Ne4 22. Nf5 Bf6 23. Bxf6 g6 24. Bd4 Bc8 25.
Nxh6+ Kh7 26. Qh4 g5 27. Qh5 1-0

[Event "Early-Titled-Tuesday-Blitz-April-23-2024"]
[Site "Chess.com"]
[Date "2024.04.23"]
[Round "2"]
[White "PattyCastillo"]
[Black "Silvederione"]
[Result "0-1"]
[WhiteElo "2123"]
[BlackElo "2476"]
[TimeControl "180+1"]
[EndTime "8:16:15 PDT"]
[Termination "Silvederione won by resignation"]

1. d4 Nf6 2. Nf3 g6 3. Nc3 Bg7 4. e4 d6 5. Be3 O-O 6. Qd2 d5 7. exd5 Nxd5 8. Nxd5 Qxd5 9. c4 Qd6 10.
h3 Nc6 11. Be2 Rd8 12. Rd1 Bf5 13. a3 e5 14. d5 Ne7 15. O-O c6 16. c5 Qxd5 17.
Qb4 Qe6 18. Qxb7 Rdb8 19. Qc7 Nd5 20. Qd6 Nxe3 21. fxe3 Rxb2 22. Rfe1 Bf8 23. Qxe6 Bxe6 24. Nxe5 Bxc5 25. Nxc6 Bxe3+ 26. Kh1 Bf2 27. Bf3 Bxe1 28. Ne7+ Kf8 29. Bxa8 Bg3 30. Nd5 Ra2 31. Nc7 Bxc7 0-1

[Event "Early-Titled-Tuesday-Blitz-April-23-2024"]
[Site "Chess.com"]
[Date "2024.04.23"]
[Round "2"]
[White "familijatop71"]
[Black "Herzog2012"]
[Result "0-1"]
[WhiteElo "2298"]
[BlackElo "2538"]
[TimeControl "180+1"]
[EndTime "8:16:18 PDT"]
[Termination "Herzog2012 won by resignation"]

1. e4 c5 2. c3 Nf6 3. e5 Nd5 4. Nf3 Nc6 5. d4 cxd4 6. Bc4 Nb6 7. Bb3 d6 8. exd6 Qxd6 9. O-O Be6 10. Na3 a6 11.
Bxe6 Qxe6 12. Nxd4 Nxd4 13. Qxd4 Rd8 14. Qh4 h5 15.
Be3 Nd5 16. Bd4 Qg4 17. Qg3 Nf4 18. Qxg4 hxg4 19. Rfe1 e6 20. Nc4 f6 21. g3 Nh3+ 22. Kg2 Ng5 23. Be3 Nf3 24. Rh1 Rh3 25. Rad1 Rxd1 0-1

[Event "Early-Titled-Tuesday-Blitz-April-23-2024"]
[Site "Chess.com"]
[Date "2024.04.23"]
[Round "2"]
[White "SilverSwords13"]
[Black "klifus"]
[Result "1-0"]
[WhiteElo "2472"]
[BlackElo "2069"]
[TimeControl "180+1"]
[EndTime "8:16:18 PDT"]
[Termination "SilverSwords13 won by checkmate"]

1. e4 c5 2. Nf3 d6 3. d4 cxd4 4. Nxd4 Nf6 5. Nc3 a6 6. Be3 e5 7.
Nb3 Be7 8. f3 Be6 9. Qd2 O-O 10.
O-O-O Nbd7 11. g4 b5 12. g5 Nh5 13. Nd5 Bxd5 14. exd5 f5 15. gxf6 Bxf6 16. Na5 Nb6 17. Nc6 Qc7 18. Qa5 Nxd5 19. Qxc7 Nxc7 20. Rxd6 Nf4 21.
Bxf4 exf4 22. Bh3 Kh8 23. Rd7 Ne8 24. Re1 g6 25. Nd4 Ng7 26. Ne6 Rfe8 27. Re4 Nxe6 28. Bxe6 Rac8 29. Rf7 Bg7 30. Bxc8 Rxc8 31. Ree7 Rg8 32.
Ra7 g5 33. h3 h5 34. Rxa6 Bd4 35. Rh6# 1-0

[Event "Early-Titled-Tuesday-Blitz-April-23-2024"]
[Site "Chess.com"]
[Date "2024.04.23"]
[Round "2"]
[White "Antipov_Mikhail_Al"]
[Black "MalyDominator"]
[Result "1-0"]
[WhiteElo "2882"]
[BlackElo "2605"]
[TimeControl "180+1"]
[EndTime "8:16:21 PDT"]
[Termination "Antipov_Mikhail_Al won on time"]

1. e4 c5 2. Nf3 d6 3. Bb5+ Nd7 4. O-O a6 5. Bd3 Ngf6 6. Re1 e6 7. Bf1 Be7 8. d4 cxd4 9. Nxd4 O-O 10. c4 Nc5 11. Nc3 Bd7 12. f3 Rc8 13. b4 e5 14. Nb3 Ne6 15.
Be3 Nh5 16. Nd5 Nhf4 17. Bb6 Qe8 18. Nxe7+ Qxe7 19. Qd2 f5 20. exf5 Rxf5 21. Rad1 Rc6 22. Be3 d5 23. cxd5 Rd6 24. Qc2 Ng5 25. Bc5 Nfh3+ 26. Kh1 1-0

[Event "Early-Titled-Tuesday-Blitz-April-23-2024"]
[Site "Chess.com"]
[Date "2024.04.23"]
[Round "2"]
[White "maurovargas01"]
[Black "ccccvhhhj"]
[Result "0-1"]
[WhiteElo "1893"]
[BlackElo "2453"]
[TimeControl "180+1"]
[EndTime "8:16:21 PDT"]
[Termination "ccccvhhhj won on time"]

1. e4 e6 2. f4 d5 3. e5 c5 4. Nf3 Nc6 5. Bb5 Bd7 6. Bxc6 Bxc6 7. O-O Nh6 8. d3 Nf5 9. c3 Be7 10. g4 Nh4 11. g5 Nf5 12. d4 h6 13. g6 fxg6 14.
Kh1 O-O 15. Rg1 Kh7 16. Qf1 cxd4 17. Qg2 Be8 18. cxd4 Qb6 19. Rd1 Rc8 20. Nc3 Rc4 21. Qf2 Bf7 22. Ne2 Rfc8 23. Nc3 a6 24. Qg1 Qd8 25. Qg2 b5 26. a3 b4 27. axb4 Bxb4 28.
Ne2 Rc2 29. Qf1 a5 0-1

[Event "Early-Titled-Tuesday-Blitz-April-23-2024"]
[Site "Chess.com"]
[Date "2024.04.23"]
[Round "2"]
[White "DonJuanEGenaro"]
[Black "Jakhongir-Vakhidov"]
[Result "0-1"]
[WhiteElo "2027"]
[BlackElo "2675"]
[TimeControl "180+1"]
[EndTime "8:16:22 PDT"]
[Termination "Jakhongir-Vakhidov won by checkmate"]

1. d4 Nf6 2. Nf3 g6 3. Bf4 Bg7 4. Nc3 d5 5. h3 O-O 6. e3 c5 7. dxc5 a5 8. Be5 Nbd7 9. Bh2 Nxc5 10. Be2 Nfe4 11. Nxd5 Bxb2 12. Rb1 Nc3 13. Nxc3 Bxc3+ 14. Kf1 Qxd1+ 15. Rxd1 Be6 16. Ne5 Bxa2 17. Nd7 Nxd7 18. Rxd7 a4 19. Rxb7 a3 20. f3 Bd5 21. Rc7 a2 22.
Kf2 Bf6 23. e4 Bd4+ 24. Kg3 Be5+ 25. Kg4 Be6+ 26. Kg5 f6+ 27. Kh6 Bxh2 28. Rxe7 Bf4# 0-1

[Event "Early-Titled-Tuesday-Blitz-April-23-2024"]
[Site "Chess.com"]
[Date "2024.04.23"]
[Round "2"]
[White "Ural_bogatyr"]
[Black "AndresDelgado77"]
[Result "1-0"]
[WhiteElo "2561"]
[BlackElo "2337"]
[TimeControl "180+1"]
[EndTime "8:16:25 PDT"]
[Termination "Ural_bogatyr won on time"]

1. e4 e6 2. d4 d5 3. Bd3 Nc6 4. c3 e5 5. Nf3 exd4 6. O-O Bg4 7.
h3 Bxf3 8. Qxf3 Nf6 9. Bg5 Ne5 10. Qe2 Nxd3 11. exd5+ Be7 12. Bxf6 Nf4 13. Qe4 Nxd5 14. Bxe7 Nxe7 15. Re1 Qd6 16. Na3 c6 17. Nc4 Qf6 18. cxd4 Rd8 19. Rad1 Rd7 20. Ne5 Rc7 21.
d5 cxd5 22. Qa4+ Kf8 23. Nd7+ Rxd7 24. Qxd7 g6 25. Qd8+ Kg7 26. Qxe7 Qxe7 27. Rxe7 Rd8 28. Re5 1-0

[Event "Early-Titled-Tuesday-Blitz-April-23-2024"]
[Site "Chess.com"]
[Date "2024.04.23"]
[Round "2"]
[White "alpope"]
[Black "grzechu96"]
[Result "0-1"]
[WhiteElo "2509"]
[BlackElo "2787"]
[TimeControl "180+1"]
[EndTime "8:16:26 PDT"]
[Termination "grzechu96 won by resignation"]

1. e4 c5 2. Ne2 Nf6 3. Nbc3 d5 4.
exd5 Nxd5 5. d4 Nxc3 6. bxc3 e6 7. Be3 Nc6 8. g3 Qd5 9. Rg1 cxd4 10. cxd4 Be7 11. Qd2 O-O 12. Nf4 Qd7 13. Bd3 Qc7 14. c3 Rd8 15. Qe2 e5 16. Qh5 g6 17. Nxg6 fxg6 18. Bxg6 Bf6 19. Bc2 exd4 20. Bb3+ Kh8 21.
cxd4 Qa5+ 22. Kf1 Qxh5 0-1

[Event "Early-Titled-Tuesday-Blitz-April-23-2024"]
[Site "Chess.com"]
[Date "2024.04.23"]
[Round "2"]
[White "Mops_2004"]
[Black "patzer-reloaded"]
[Result "1-0"]
[WhiteElo "2889"]
[BlackElo "2440"]
[TimeControl "180+1"]
[EndTime "8:16:26 PDT"]
[Termination "Mops_2004 won by resignation"]

1. g3 d5 2. Nf3 g6 3. d4 Bg7 4. Bg2 c6 5. O-O Nf6 6. b3 O-O 7. Bb2 a5 8. c4 a4 9. e3 Ne4 10.
Nfd2 Bf5 11. Nxe4 Bxe4 12. Bxe4 dxe4 13. bxa4 f5 14. c5 Kh8 15. Qb3 Ra7 16. Bc3 Nd7 17. Nd2 Nf6 18. Nc4 Nd5 19. a5 h5 20. f3 exf3 21. Rxf3 Nf6 22. Ne5 Qd5 23. Nxg6+ Kh7 24. Nxf8+ Bxf8 25. Qxd5 Nxd5 26. Rxf5 Bh6 27. Bd2 Bxe3+ 28.
Bxe3 Nxe3 29. Rf7+ Kg6 30. Rxe7 Nc2 31. Rd1 Rxa5 32. Rxb7 Rxa2 33. Rd2 Ra1+ 34. Kf2 Nb4 35. Rxb4 1-0

[Event "Early-Titled-Tuesday-Blitz-April-23-2024"]
[Site "Chess.com"]
[Date "2024.04.23"]
[Round "2"]
[White "Skatchkov_V"]
[Black "HansOnTwitch"]
[Result "0-1"]
[WhiteElo "2673"]
[BlackElo "3233"]
[TimeControl "180+1"]
[EndTime "8:16:27 PDT"]
[Termination "HansOnTwitch won by resignation"]

1. d4 Nf6 2. c4 e6 3. Nf3 d5 4. g3 Bb4+ 5. Bd2 a5 6. Bg2 O-O 7. Qc2 Be7 8. h4 c6 9. Bf4 Nbd7 10. Nc3 Re8 11. e4 Nxe4 12. Nxe4 dxe4 13. Qxe4 Bb4+ 14. Bd2 e5 15. O-O-O Nf6 16. Qc2 e4 17. Ng5 Bf5 18. Be3 h6 19. Nh3 b5 20. Nf4 bxc4 21. Bf1 c3 22. bxc3 Ba3+ 23. Kd2 Rb8 24. Rb1 Rxb1 25. Qxb1 c5 26. Bc4 cxd4 27. cxd4 Bb4+ 28. Ke2 Bg4+ 29. Kf1 Bf3 30. Rg1 Qc7 31. Be2 Rc8 32. Qd1 Ng4 33.
Bxf3 exf3 34. Rh1 Qc6 35. d5 Qc4+ 36. Kg1 Qe4 37. Bb6 Bd2 38. Qxd2 Qb1+ 0-1

[Event "Early-Titled-Tuesday-Blitz-April-23-2024"]
[Site "Chess.com"]
[Date "2024.04.23"]
[Round "2"]
[White "Moultino06"]
[Black "aanshnerurkar"]
[Result "1-0"]
[WhiteElo "2763"]
[BlackElo "2454"]
[TimeControl "180+1"]
[EndTime "8:16:29 PDT"]
[Termination "Moultino06 won by resignation"]

1. d4 Nf6 2. Nc3 d5 3. Bf4 a6 4. e3 g6 5. h4 Bg7 6. Nf3 O-O 7. Ne5 Nbd7 8. h5 Nxh5 9. Rxh5 gxh5 10. Qxh5 Nf6 11.
Qh4 Bf5 12. g4 Bg6 13. Bd3 e6 14. O-O-O Ne4 15. g5 Nxc3 16. bxc3 Re8 17. Rh1 c5 18.
Bxg6 hxg6 19. Qh7+ Kf8 20. Nxf7 Kxf7 21. Be5 Rg8 22. Rh4 Qxg5 23. Rf4+ Ke7 24. Bxg7 Kd6 25.
Be5+ Qxe5 26. dxe5+ 1-0

[Event "Early-Titled-Tuesday-Blitz-April-23-2024"]
[Site "Chess.com"]
[Date "2024.04.23"]
[Round "2"]
[White "PeshkaCh"]
[Black "koncheto"]
[Result "1-0"]
[WhiteElo "2874"]
[BlackElo "2604"]
[TimeControl "180+1"]
[EndTime "8:16:30 PDT"]
[Termination "PeshkaCh won by resignation"]

1. Nf3 Nf6 2. d4 e6 3. c4 c5 4. g3 cxd4 5. Nxd4 Nc6 6. Bg2 Be7 7. O-O O-O 8. Nc3 a6 9. b3 Qc7 10. Bb2 d6 11. Rc1 Nxd4 12. Qxd4 Bd7 13. Rfd1 Rac8 14.
Ne4 e5 15. Nxf6+ gxf6 16. Qh4 Be6 17. Qh6 Qa5 18. Be4 f5 19. Bb1 b5 20. g4 f6 21.
gxf5 Bf7 22. Kh1 Kh8 23. c5 Qd8 24. Bxe5 Rxc5 25. Rxc5 Qa8+ 26. f3 dxe5 27. Rxe5 Bd8 28. Qxf8+ 1-0

[Event "Early-Titled-Tuesday-Blitz-April-23-2024"]
[Site "Chess.com"]
[Date "2024.04.23"]
[Round "2"]
[White "js20000"]
[Black "AsaHoffmann"]
[Result "1-0"]
[WhiteElo "2729"]
[BlackElo "2392"]
[TimeControl "180+1"]
[EndTime "8:16:30 PDT"]
[Termination "js20000 won on time"]

1. b3 d6 2. d4 Nf6 3. Nf3 Bf5 4. c4 h6 5. Nc3 Nbd7 6. g3 c6 7. Bg2 e5 8. O-O Be7 9. Nh4 Bh7 10. e4 O-O 11.
Be3 a6 12. Nf5 Bxf5 13. exf5 Re8 14. g4 Nh7 15. Ne4 Ng5 16. Ng3 Bf6 17. Nh5 Rc8 18. dxe5 dxe5 19. h4 Nh7 20. Nxf6+ Ndxf6 21. Qe2 h5 22. g5 Ng4 23. Bc5 e4 24. Rad1 Qa5 25. b4 Qa3 26.
Rfe1 a5 27. f3 exf3 28. Qxe8+ Rxe8 29. Rxe8+ Nf8 30. g6 fxg6 31. fxg6 f2+ 32. Kh1 1-0

[Event "Early-Titled-Tuesday-Blitz-April-23-2024"]
[Site "Chess.com"]
[Date "2024.04.23"]
[Round "2"]
[White "Zampronha1971"]
[Black "lucasmito"]
[Result "0-1"]
[WhiteElo "2429"]
[BlackElo "2802"]
[TimeControl "180+1"]
[EndTime "8:16:30 PDT"]
[Termination "lucasmito won by resignation"]

1. e4 e5 2. Nf3 Nc6 3. d4 exd4 4. Nxd4 Nf6 5. Nxc6 bxc6 6. e5 Qe7 7. Qe2 Nd5 8. c4 Ba6 9. b3 g6 10. Ba3 Nb4 11. f4 Bg7 12. Qd2 c5 13. Be2 O-O 14.
O-O d6 15. Bb2 dxe5 16. f5 Rad8 17. Qc1 Bb7 18. Nc3 Qh4 19. Nb5 Bh6 20. Qe1 Be3+ 21. Kh1 Qxe1 22. Raxe1 Nc2 23. Rd1 Nd4 24. Nxd4 cxd4 25.
Bg4 h5 26. Be2 e4 27. Rb1 d3 28. Bd1 Bd4 29. b4 e3 30. Bb3 e2 31. Rfe1 gxf5 0-1

[Event "Early-Titled-Tuesday-Blitz-April-23-2024"]
[Site "Chess.com"]
[Date "2024.04.23"]
[Round "2"]
[White "biveklama"]
[Black "mbojan"]
[Result "0-1"]
[WhiteElo "2611"]
[BlackElo "2910"]
[TimeControl "180+1"]
[EndTime "8:16:31 PDT"]
[Termination "mbojan won by checkmate"]

1. e4 a6 2. d4 e6 3. Nc3 d5 4. exd5 exd5 5. Nf3 c6 6. Bd3 Bd6 7. O-O Ne7 8. Bg5 f6 9. Bh4 O-O 10. Re1 Re8 11. Bg3 Bxg3 12. hxg3 Nd7 13. Qd2 Nf8 14. Re2 Qd6 15. Rae1 Bd7 16. Na4 Rad8 17. a3 Neg6 18. Nc5 Rxe2 19. Rxe2 Bc8 20. Qb4 Qc7 21. a4 a5 22. Qe1 b6 23. Bxg6 hxg6 24. Nd3 Kf7 25. b4 axb4 26. Qxb4 g5 27. c4 dxc4 28. Qxc4+ Be6 29.
Qc3 Bd5 30. Nb4 Qd6 31. Nxd5 Qxd5 32. Qb4 Ne6 33. Qxb6 g4 34. Nh2 Nxd4 35. Re1 Rh8 36.
Qc7+ Kg6 37. Qf4 Ne2+ 38. Rxe2 Qd1+ 39. Nf1 Qxf1+ 40. Kxf1 Rh1# 0-1

[Event "Early-Titled-Tuesday-Blitz-April-23-2024"]
[Site "Chess.com"]
[Date "2024.04.23"]
[Round "2"]
[White "Tol_Tol"]
[Black "ReadySkate"]
[Result "0-1"]
[WhiteElo "2380"]
[BlackElo "2647"]
[TimeControl "180+1"]
[EndTime "8:16:31 PDT"]
[Termination "ReadySkate won on time"]

1. d4 Nf6 2. c4 g6 3. Nc3 d5 4. cxd5 Nxd5 5. e4 Nxc3 6. bxc3 Bg7 7. Nf3 c5 8. Rb1 Nc6 9. d5 Ne5 10. Nxe5 Bxe5 11. Qd2 O-O 12. f4 Bg7 13. Be2 e6 14.
d6 e5 15. O-O b6 16. Bc4 Bb7 17. Bd5 Rb8 18. c4 exf4 19. Qxf4 Bd4+ 20. Kh1 Bxd5 21.
cxd5 f6 22. Bb2 Bxb2 23. Rxb2 Qd7 24. Rbf2 Rbd8 25. e5 fxe5 26. Qxf8+ Rxf8 27. Rxf8+ Kg7 28. R8f6 c4 29. Re6 Qb5 30. Re7+ Kh6 31. d7 c3 32. Rc1 Qxd5 33. h3 e4 34. Rxc3 Qd1+ 35. Kh2 Qd6+ 0-1

[Event "Early-Titled-Tuesday-Blitz-April-23-2024"]
[Site "Chess.com"]
[Date "2024.04.23"]
[Round "2"]
[White "isaks"]
[Black "esrosenberg"]
[Result "1-0"]
[WhiteElo "2555"]
[BlackElo "2325"]
[TimeControl "180+1"]
[EndTime "8:16:32 PDT"]
[Termination "isaks won on time"]

1. e4 c5 2. Nf3 e6 3. b3 d5 4. exd5 exd5 5. Bb5+ Nc6 6. O-O Nf6 7. Re1+ Be7 8. Qe2 Be6 9. Ng5 Bf5 10. Ba3 h6 11.
Bxc5 hxg5 12. Qxe7+ Qxe7 13. Rxe7+ Kd8 14. Rxb7 Ne5 15.
Nc3 Bxc2 16. Rc1 Bd3 17. Ne4 Nfd7 18. Rxd7+ Nxd7 19. Nxg5 Nxc5 20. Nxf7+ Ke7 21. Nxh8 Rxh8 22. Rxc5 Bxb5 23. Rxb5 Kd6 24. Rb7 Rc8 25. g3 Rc2 26. Rxa7 Rxd2 27. Kg2 g5 28. Kf3 d4 29. h4 gxh4 30.
gxh4 Ke5 31. h5 Rd3+ 32. Kg2 Rd2 33. h6 1-0

[Event "Early-Titled-Tuesday-Blitz-April-23-2024"]
[Site "Chess.com"]
[Date "2024.04.23"]
[Round "2"]
[White "sakkikuska"]
[Black "Grandelicious"]
[Result "0-1"]
[WhiteElo "2550"]
[BlackElo "2898"]
[TimeControl "180+1"]
[EndTime "8:16:34 PDT"]
[Termination "Grandelicious won by resignation"]

1. e4 c5 2. Nf3 Nc6 3. d4 cxd4 4. Nxd4 Nf6 5. Nc3 e5 6. Ndb5 h6 7. Nd6+ Bxd6 8. Qxd6 Qe7 9. Qxe7+ Kxe7 10. f3 Nb4 11. Bd3 Rd8 12. a3 Nxd3+ 13. cxd3 d5 14. Ke2 b6 15. Rd1 Ba6 16. Kf2 Rac8 17. Bd2 d4 18. Nd5+ Nxd5 19. exd5 Rc2 20. Ke2 Rxb2 21. Rab1 Rxb1 22. Rxb1 Rxd5 23. Bb4+ Kd7 24. Rc1 Bb5 25. Bf8 g6 26. Bxh6 Ba6 27. g4 Rb5 28. Rd1 Rb3 29. Bf8 Ke6 30. h4 Bb7 31. h5 gxh5 32. gxh5 Rb2+ 33. Rd2 Bxf3+ 34. Ke1 Rxd2 35. Kxd2 Bxh5 36.
a4 Kd5 37. Bb4 f5 38. a5 b5 39. Be7 a6 40. Bf6 e4 41. dxe4+ fxe4 42. Bg5 e3+ 43. Kd3 Bg6+ 44. Ke2 Ke4 0-1

[Event "Early-Titled-Tuesday-Blitz-April-23-2024"]
[Site "Chess.com"]
[Date "2024.04.23"]
[Round "2"]
[White "DominguezOnYoutube"]
[Black "AlphaGoosee"]
[Result "1-0"]
[WhiteElo "2939"]
[BlackElo "2625"]
[TimeControl "180+1"]
[EndTime "8:16:35 PDT"]
[Termination "DominguezOnYoutube won by checkmate"]

1. e4 c5 2. Nf3 d6 3. d4 cxd4 4. Nxd4 Nf6 5. Nc3 a6 6. Be3 e5 7. Nb3 Be7 8. f3 Be6 9. Qd2 O-O 10. O-O-O Nbd7 11. g4 b5 12. Rg1 Nb6 13. Na5 Qc7 14. g5 Nfd7 15. Kb1 b4 16. Nd5 Nxd5 17. exd5 Qxa5 18.
dxe6 fxe6 19. Bh3 Nc5 20. Bxc5 Qxc5 21. Bxe6+ Kh8 22. Bd5 Rac8 23. Rg4 Rf4 24. Rxf4 exf4 25. h4 Bd8 26. Be4 Bb6 27. Qxf4 Qe5 28. Qg4 Rg8 29.
Bd3 g6 30. Qxb4 Bc5 31. Qe4 Qg7 32. Bc4 Rb8 33. Bb3 a5 34. Re1 Qd4 35. Qe8+ Rxe8 36. Rxe8+ Kg7 37. Rg8# 1-0

[Event "Early-Titled-Tuesday-Blitz-April-23-2024"]
[Site "Chess.com"]
[Date "2024.04.23"]
[Round "2"]
[White "Naruto75_3"]
[Black "FoxOnTheRun97"]
[Result "1-0"]
[WhiteElo "2373"]
[BlackElo "2576"]
[TimeControl "180+1"]
[EndTime "8:16:35 PDT"]
[Termination "Naruto75_3 won by checkmate"]

1. d4 Nf6 2. c4 e6 3. Nc3 d5 4. cxd5 exd5 5. Bg5 c6 6. e3 h6 7. Bh4 Be7 8. Bd3 O-O 9. Nge2 Re8 10. O-O Ne4 11. Bxe7 Qxe7 12. Qc2 Nd7 13. Ng3 Ndf6 14. Rae1 a5 15. f3 Nxg3 16. hxg3 b5 17. e4 dxe4 18.
fxe4 Qd6 19. Qf2 Qd7 20. e5 Ng4 21. Qf4 b4 22. Na4 g5 23. Qe4 f5 24. Bc4+ Kg7 25. Qd3 Qa7 26. e6 Rf8 27. Nc5 Qe7 28. Rxf5 Rxf5 29.
Qxf5 Nf6 30. Bd3 Qd8 31. Qg6+ Kh8 32. e7 Qxd4+ 33. Kh1 Bh3 34. e8=Q+ Rxe8 35. Rxe8+ Nxe8 36. Qh7# 1-0

[Event "Early-Titled-Tuesday-Blitz-April-23-2024"]
[Site "Chess.com"]
[Date "2024.04.23"]
[Round "2"]
[White "Vse_po_kaify"]
[Black "kidagent"]
[Result "1-0"]
[WhiteElo "2576"]
[BlackElo "2350"]
[TimeControl "180+1"]
[EndTime "8:16:36 PDT"]
[Termination "Vse_po_kaify won by resignation"]

1. e4 c6 2. c4 d5 3. Nc3 d4 4. Nce2 e5 5. d3 Bb4+ 6. Bd2 Bxd2+ 7.
Qxd2 Be6 8. g3 Nf6 9. h3 h5 10. Bg2 Na6 11. f4 Qd6 12. Nf3 exf4 13. gxf4 Nxe4 14. dxe4 d3 15. e5 Qd7 16. Ned4 Bxc4 17.
b3 Bd5 18. Qxd3 Bxf3 19. Bxf3 c5 20. Qe4 O-O-O 21. Ne2 f5 22. Qe3 Kb8 23. Kf2 Nb4 24.
Rad1 Qxd1 25. Rxd1 Rxd1 26. Nc3 Rd4 27. a3 Nd3+ 28. Kf1 Nxf4 29. Nb5 Nd5 30. Bxd5 Rxd5 31. e6 Re8 32. Qf4+ 1-0

[Event "Early-Titled-Tuesday-Blitz-April-23-2024"]
[Site "Chess.com"]
[Date "2024.04.23"]
[Round "2"]
[White "Road2GM3000"]
[Black "bubeliang"]
[Result "0-1"]
[WhiteElo "2421"]
[BlackElo "2781"]
[TimeControl "180+1"]
[EndTime "8:16:37 PDT"]
[Termination "bubeliang won by resignation"]

1. d4 d5 2. c4 e6 3. cxd5 exd5 4. Nc3 Nf6 5. Nf3 Be7 6. Bg5 c6 7. e3 O-O 8. Bd3 h6 9. Bh4 Re8 10. O-O a5 11. Qc2 b5 12. Ne5 Bb7 13. Rae1 Nbd7 14.
f4 Rc8 15. Qe2 b4 16. Nd1 c5 17. Nf2 c4 18. Bb1 c3 19. bxc3 Rxc3 20. Nd1 Rc7 21. Qd3 Ne4 22. Bxe7 Qxe7 23. Nf2 Ndf6 24. Nxe4 dxe4 25. Qb3 Bd5 26. Qa4 Ra8 27. Rc1 Rxc1 28.
Rxc1 Qb7 29. Qc2 b3 30. axb3 Qxb3 31. Qxb3 Bxb3 32. Bc2 Rc8 33. Bxb3 Rxc1+ 34. Kf2 Rc7 35. d5 Rb7 36. Bc4 Nd7 37. d6 Nxe5 38. fxe5 a4 39. Bd5 Ra7 40. Bc6 Kf8 41. Bd5 a3 42. Ba2 Rb7 43.
Kg3 Rb2 44. Bd5 a2 0-1

[Event "Early-Titled-Tuesday-Blitz-April-23-2024"]
[Site "Chess.com"]
[Date "2024.04.23"]
[Round "2"]
[White "AktilekAskarovich"]
[Black "JaackCamel"]
[Result "1-0"]
[WhiteElo "2492"]
[BlackElo "2204"]
[TimeControl "180+1"]
[EndTime "8:16:37 PDT"]
[Termination "AktilekAskarovich won by resignation"]

1. d4 d5 2. c4 e6 3. Nf3 c6 4. Nc3 dxc4 5. e3 b5 6. a4 Bb4 7. Bd2 a5 8. axb5 Bxc3 9. Bxc3 cxb5 10. b3 Bb7 11. bxc4 b4 12. Bb2 Nf6 13. Be2 O-O 14.
O-O Nbd7 15. Nd2 Qc7 16. f3 Rfd8 17. e4 e5 18. Qc2 exd4 19. Bxd4 Ne5 20. Bf2 Nfd7 21. c5 Ba6 22. Bxa6 Rxa6 23. Nc4 Nxc4 24. Qxc4 Rc6 25. Rfd1 Rc8 26. Qb5 Ra8 27. Bg3 Qc8 28. Bd6 h6 29. Rxa5 Rxa5 30. Qxa5 Nxc5 31. Bxc5 Rxc5 32. Rd8+ 1-0

[Event "Early-Titled-Tuesday-Blitz-April-23-2024"]
[Site "Chess.com"]
[Date "2024.04.23"]
[Round "2"]
[White "LuisFSiles"]
[Black "pfalcon1949"]
[Result "1-0"]
[WhiteElo "2453"]
[BlackElo "1963"]
[TimeControl "180+1"]
[EndTime "8:16:37 PDT"]
[Termination "LuisFSiles won by resignation"]

1. e4 e6 2. d4 d5 3. e5 c5 4.
c3 Nc6 5. Nf3 Qb6 6. a3 c4 7. Nbd2 Na5 8. Rb1 Bd7 9. b4 cxb3 10.
Nxb3 Ba4 11. Nxa5 Bxd1 12. Rxb6 axb6 13. Bb5+ Kd8 14. Nxb7+ Kc7 15. Nd6 Bxf3 16. Nxf7 Bxg2 17. Rg1 Be4 18. Nxh8 Ne7 19. Nf7 Nf5 20. a4 Nh4 21. Rg3 h6 22. Nd6 Bh7 23. Ne8+ Rxe8 24. Bxe8 g5 25.
Bb5 Be7 26. c4 Bb4+ 27. Bd2 Be7 28. cxd5 exd5 29. Rc3+ Kb7 30. Bc6+ Ka7 31. Bxd5 Bb4 32. Rc7+ Kb8 33. Rb7+ Kc8 34. Bxb4 Bf5 35. Bd6 Ng6 36. Bc6 1-0